 Dungeon Crawl Stone Soup version 0.28-a0-664-gc179e30c89 (webtiles) character file.

Game seed: 1468792956844673598

13 cheechan the Cudgeller (level 2, 22/25 HPs)
             Began as a Palentonga Berserker on Oct 15, 2021.
             Was a Follower of Trog.
             Quit the game on level 1 of the Dungeon.
             The game lasted 00:01:46 (527 turns).

cheechan the Cudgeller (Palentonga Berserker)        Turns: 527, Time: 00:01:46

Health: 22/25      AC:  5    Str: 20    XL:     2   Next: 24%
Magic:  2/2        EV:  9    Int:  7    God:    Trog [*.....]
Gold:   17         SH:  0    Dex:  9    Spells: 1/1 levels left

rFire   . . .      SeeInvis +   a - +0 mace
rCold   . . .      Faith    .   (no shield)
rNeg    . . .      Spirit   .   b - +0 animal skin
rPois   .          Reflect  .   (no helmet)
rElec   .          Harm     .   f - +0 cloak
rCorr   .          Rampage  .   (no gloves)
Will    .....                   (no barding)
Stlth   +.........              (no amulet)
HPRegen 0.08/turn               (no ring)
MPRegen 0.08/turn               (no ring)

@: no status effects
A: large, rugged brown scales 3, see invisible, deformed body, roll 1, armoured
tail
a: Rolling Charge, Renounce Religion, Berserk


You were on level 1 of the Dungeon.
You worshipped Trog.
Trog was aware of your devotion.
You visited 1 branch of the dungeon, and saw 1 of its levels.

You collected 17 gold pieces.

Inventory:

Hand Weapons
 a - a +0 mace (weapon)
Missiles
 d - 21 stones
 g - 30 bolts
Armour
 b - a +0 animal skin (worn)
 f - a +0 cloak (worn)
Scrolls
 c - a scroll of fear {unknown}
 e - a scroll of identify {unknown}


   Skills:
 + Level 3.2 Fighting
 + Level 3.3 Maces & Flails
 + Level 1.6 Armour
 + Level 1.7 Dodging


You had one spell level left.
You didn't know any spells.
Your spell library was empty.

Dungeon Overview and Level Annotations

Branches:
Dungeon (1/15)

Altars:

Shops:
D:1 !


Innate Abilities, Weirdness & Mutations

You are completely covered in rugged brown scales. (AC +3, +7% HP)
You have supernaturally acute eyesight. (SInv)
Armour fits poorly on your strangely shaped body.
You can roll at nearby foes to attack.
You have a long armoured tail.


Message History

You aren't carrying any potions.
As you open the door, it creaks loudly!
Found 2 gold pieces.
There is an open door here.
You now have 2 gold pieces.
You open the door.
There is an open door here.
You open the door.
There is an open door here.
You open the door.
Found 30 bolts.
Found Pownaabi's Distillery.
A dart slug comes into view.
The dart slug launches a dart at you.
The slug dart hits you but does no damage.
The dart slug bites you. The dart slug bites you.
You hit the dart slug.
The dart slug is moderately wounded.
The dart slug barely misses you.
You sock the dart slug!
You kill the dart slug!
Trog accepts your kill.
You see here 30 bolts.
g - 30 bolts A hobgoblin comes into view.
You open the door.
There is an open door here.
You open the door.
The hobgoblin shouts!
There is an entrance to Pownaabi's Distillery here.
Found 15 gold pieces.
The hobgoblin hits you.
You hit the hobgoblin but do no damage. The hobgoblin barely misses you.
You closely miss the hobgoblin. The hobgoblin barely misses you.
You sock the hobgoblin!
You kill the hobgoblin!
Trog accepts your kill.
You see here a hobgoblin corpse.
You now have 17 gold pieces (gained 15).
Are you sure you want to abandon this character and quit the game? (Confirm with "yes".)

#. #..#.#. #..#.#.
##..#.#.#
.....#.######
###....#.#....####..#
........♣....'......
#....#......####..#
#.@..#♣∩♣##'##
#....#.......#
#....†.♣.....# ..
#......#.....###...
#......#.....†.....
#......#...........
####.#.###..#######
#.#.# #..#......
#.#.# #..#.#####


There were no monsters in sight!

Vanquished Creatures
  A dart slug (D:1)
  A goblin (D:1)
  2 hobgoblins (D:1)
  4 jackals (D:1)
  A frilled lizard (D:1)
9 creatures vanquished.

Notes
Turn   | Place    | Note
-------+----------+-------------------------------------------
     0 | D:1      | cheechan the Palentonga Berserker began the quest for the
                  | Orb.
     0 | D:1      | Reached XP level 1. HP: 19/19 MP: 1/1
    79 | D:1      | Reached XP level 2. HP: 5/25 MP: 2/2
   482 | D:1      | Found Pownaabi's Distillery.
   527 | D:1      | Quit the game

Illustrated notes

Levels and vault maps discovered:
D:1:      psy_arrival_dodecagon, layout_basic, serial_shops, nicolae_shop_trees

Action                   || total
-------------------------++-------
Melee: Mace              ||    22
       Tailslap          ||     2
  Use: Scroll            ||     1
Armor: Animal skin       ||    15
Dodge: Dodged            ||    30

Table legend: (Time is in decaauts)
 A = Elapsed time spent in this place.
 B = Non-inter-level travel time spent in this place.
 C = Inter-level travel time spent in this place.
 D = Time resting spent in this place.
 E = Time spent auto-exploring this place.
 F = Levels seen in this place.
 G = Mean time per level.
                   A        B        C        D        E       F      G
               +--------+--------+--------+--------+--------+-----+--------+
         Total |    531 |    531 |      0 |    348 |      0 |   1 |  531.0 |
       Dungeon |    531 |    531 |      0 |    348 |      0 |   1 |  531.0 |
               +--------+--------+--------+--------+--------+-----+--------+

Top non-repeatable levels by time:
     D:1: 531 daAuts
